 Dungeon Crawl Stone Soup version 0.19-a0-1655-gdd95918 (webtiles) character file.

44 Reeven the Sneak (level 3, -1/18 HPs)
             Began as a Spriggan Assassin on Sept 20, 2016.
             Slain by a gnoll
             ... wielding a +0 flail
              (8 damage)
             ... on level 2 of the Dungeon.
             The game lasted 00:06:44 (1398 turns).

Reeven the Sneak (Spriggan Assassin)                Turns: 1398, Time: 00:06:44

Health: -1/18      AC:  3    Str:  7    XL:     3   Next: 39%
Magic:  4/4        EV: 18    Int: 12    God:
Gold:   87         SH:  0    Dex: 18    Spells: 0 memorised, 2 levels left

rFire  x . .     SeeInvis +     a - +2 dagger
rCold  + . .     Gourm    .     c - +0 robe
rNeg   . . .     Faith    .     (shield restricted)
rPois  .         Spirit   .     (helmet restricted)
rElec  .         Dismiss  .     d - +0 cloak
rCorr  .         Reflect  .     (gloves unavailable)
MR     .....     Harm     .     (boots unavailable)
Stlth  ++++......               (no amulet)
                                (no ring)
                                p - ring of ice

@: very quick
A: unfitting armour, see invisible, herbivore 3, speed 3, slow metabolism 2
a: no special abilities


You were on level 2 of the Dungeon.
You were not hungry.

You visited 1 branch of the dungeon, and saw 2 of its levels.

You collected 87 gold pieces.

Inventory:

Hand Weapons
 a - a +2 dagger (weapon)
 b - a +0 blowgun
 n - a +0 dagger
Missiles
 e - 14 poisoned needles (quivered)
 f - 2 curare-tipped needles
Armour
 c - a +0 robe (worn)
 d - a +0 cloak (worn)
Jewellery
 p - a ring of ice (left hand)
Scrolls
 j - a scroll of recharging {unknown}
 k - a scroll of teleportation {unknown}
 l - 4 scrolls of identify {unknown}
 m - a scroll of immolation {unknown}
Potions
 h - 2 potions of haste {unknown}
 i - a potion of curing {unknown}
 o - a potion of agility {unknown}
 q - a potion of magic {unknown}
 r - a potion of mutation {unknown}
Comestibles
 g - 2 bread rations


   Skills:
 + Level 1.7 Fighting
 * Level 2.9 Short Blades
 + Level 2.1 Throwing
 * Level 2.3 Dodging
 + Level 6.7 Stealth


You had 2 spell levels left.
You didn't know any spells.

Dungeon Overview and Level Annotations

Branches:
Dungeon (2/15)

Altars:


Innate Abilities, Weirdness & Mutations

You are tiny and cannot use many weapons and most armour.
You have supernaturally acute eyesight. (SInv)
You are a herbivore.
You cover ground extremely quickly.
You need consume almost no food.


Message History

You hit the dart slug.
You kill the dart slug!
You see here a dart slug corpse.
Found a stone staircase leading down.
Found a stone staircase leading up.
A gnoll comes into view. It is wielding a flail.
A gnoll comes into view. It is wielding a spear.
Found a stone staircase leading up.
The gnoll shouts! 2 gnolls come into view.
The gnoll hits you from afar with a spear.
The gnoll barely misses you.
You closely miss the gnoll.
The gnoll shouts! x2
The gnoll hits you but does no damage.
The gnoll hits you from afar with a spear.
You hit the gnoll.
The gnoll is lightly wounded.
The gnoll hits you with a flail!
You die...

.# .# ###. .# †# ... .#
.# #..#.# .# #..<.# .##
#....# ..# #..gg######
..# #..g..g.... ..##
......#..@###### ...#
......#........#
.#.#####..#..#....###.#
.......#..#..#......#
.#..##.#..#..#......#
..#..#.#..#<.#..).#.#
.⌠...#.#..#.##..#####
...............>......
.....#.#..#...........


You could see 4 gnolls.

Vanquished Creatures
  An adder (D:2)
  An adder zombie (D:1)
  5 dart slugs
  A leopard gecko (D:1)
  A bat (D:1)
  A giant cockroach (D:1)
  2 goblins (D:1)
  4 hobgoblins
  A ball python (D:1)
  3 kobolds (D:1)
  A leopard gecko zombie (D:1)
21 creatures vanquished.

Notes
Turn   | Place    | Note
-------+----------+-------------------------------------------
     0 | D:1      | Reeven the Spriggan Assassin began the quest for the Orb.
     0 | D:1      | Reached XP level 1. HP: 10/10 MP: 2/2
    31 | D:1      | Reached skill level 6 in Stealth
   251 | D:1      | Reached XP level 2. HP: 14/14 MP: 3/3
  1120 | D:2      | Reached XP level 3. HP: 18/18 MP: 4/4
  1398 | D:2      | Slain by a gnoll

Vault maps used:
D:1:      saegor_arrival_fortress
D:2:      grunt_ministairs_2

Skill      XL: |  1 |
---------------+----+-----
Stealth        | 6 |  6.7
Dodging        | 2 |  2.3
Fighting       | |  1.7
Short Blades   | |  2.9
Throwing       | |  2.1

Action                   || total
-------------------------++-------
Melee: Dagger            ||    76
 Stab: Sleeping          ||    10
Armor: Robe              ||     2
Dodge: Dodged            ||    64
